 Dungeon Crawl Stone Soup version 0.32-a0-607-g64ea0e4219 (webtiles) character file.

Game seed: 10765662786217372661

4605 dialectric the Ruffian (level 10, -1/96 HPs)
             Began as a Troll Shapeshifter on Mar 3, 2024.
             Killed by vampiric draining
             ... invoked by a vampire
              (12 damage)
             ... on level 9 of the Dungeon.
             The game lasted 00:12:00 (6481 turns).

dialectric the Ruffian (Troll Shapeshifter)         Turns: 6481, Time: 00:12:01

Health: -1/96      AC:  4    Str: 26    XL:     10   Next: 19%
Magic:  0/9        EV: 11    Int: 12    God:
Gold:   434        SH:  0    Dex: 11    Spells: 9/9 levels left

rFire   . .          .
                       - Unarmed
rCold   . . .        (no shield)
rNeg    . . .        a - +0 animal skin
rPois   .            (helmet currently unavailable)
rElec   .            (cloak currently unavailable)
rCorr   .            (gloves unavailable)
SInv    +            (boots unavailable)
Will    .....        m - amulet of guardian spirit
Stlth   +            j - ring of see invisible
HPRegen 1.16/turn    l - +6 ring of intelligence
MPRegen 0.11/turn

%: guardian spirit
@: beast-form
A: beast (slay +3), large, unfitting armour, claws 3, regeneration 1, shaggy fur
1, tough skin 1
a: Begin Untransformation


You were on level 9 of the Dungeon.
You were a hulking beast.
You visited 1 branch of the dungeon, and saw 9 of its levels.
You also visited: Bailey.

You collected 506 gold pieces.
You spent 72 gold pieces at shops.

Inventory:

Hand Weapons
 f - a +1 heavy hand axe
 p - a +0 whip
 w - a +1 morningstar
Missiles
 s - 6 poisoned darts (quivered)
Armour
 a - a +0 animal skin (worn)
 C - a +0 cloak
Jewellery
 j - a ring of see invisible (left claw)
 l - a +6 ring of intelligence (right claw)
 m - an amulet of guardian spirit (around neck)
 J - an amulet of faith
Talismans
 c - a beast talisman (active)
 d - a flux talisman
Wands
 b - a wand of flame (2)
 q - a wand of iceblast (18)
 H - a wand of quicksilver (6)
Scrolls
 e - 2 scrolls of summoning
 h - 2 scrolls of teleportation {unknown}
 i - 2 scrolls of silence {unknown}
 k - 6 scrolls of enchant weapon
 n - a scroll of blinking {unknown}
 o - 2 scrolls of brand weapon {unknown}
 v - a scroll of torment {unknown}
 x - 7 scrolls of enchant armour
 y - 2 scrolls of vulnerability {unknown}
 z - a scroll of noise {unknown}
 B - a scroll of amnesia {unknown}
 F - a scroll of fear {unknown}
 M - a scroll of identify
Potions
 g - a potion of might
 r - a potion of heal wounds
 t - a potion of enlightenment {unknown}
 u - 3 potions of magic
 A - 2 potions of haste
 D - 2 potions of brilliance
 E - 2 potions of invisibility
 G - a potion of berserk rage {unknown}
 I - 2 potions of resistance
 K - a potion of experience {unknown}
 L - a potion of mutation {unknown}
 N - a potion of curing


   Skills:
 + Level 5.5 Fighting
 + Level 5.1 Armour
 + Level 5.7 Dodging
 * Level 7.7 Unarmed Combat
 + Level 6.8 Shapeshifting


You had 9 spell levels left.
You didn't know any spells.
Your spell library was empty.

Dungeon Overview and Level Annotations

Branches:
Dungeon (9/15)             Temple (0/1) D:6          Bailey (visited)
   Lair: D:8-11         Orc: D:9-12

Altars:
Elyvilon
Yredelemnul
Zin
The Shining One

Shops:
D:4 *   D:5 *   D:8 *

Annotations:
D:7 3 transporters, Grum; cforsyth's ghost, novice MDNe


Innate Abilities, Weirdness & Mutations

You are a hulking beast.
Your limbs bulge with bestial killing power. (Slay +3)
You are too large for most types of armour.
You have claws for hands.
Your natural rate of healing is unusually fast.
You are covered in fur. (AC +1)
You have tough skin. (AC +1)


Message History

The vampire is healed by the life force!
You closely miss the vampire.
The vampire is heavily damaged.
You scratch the vampire but do no damage.
The vampire is heavily damaged.
The vampire draws life force from you!
* * * LOW HITPOINT WARNING * * *
The vampire is healed by the life force!
You claw the vampire!
The vampire is severely damaged.
The vampire completely misses you. The vampire bites you.
* * * LOW HITPOINT WARNING * * *
The vampire draws strength from your injuries!
Unknown command.
You feel much better. The vampire draws life force from you!
* * * LOW HITPOINT WARNING * * *
The vampire is healed by the life force!
You scratch the vampire.
The vampire is moderately damaged.
The vampire hits you but does no damage.
The vampire misses you.
You scratch the vampire but do no damage.
The vampire is moderately damaged.
The vampire closely misses you. The vampire bites you!
* * * LOW HITPOINT WARNING * * *
The vampire draws strength from your injuries!
You scratch the vampire.
The vampire is moderately damaged.
The vampire mumbles some strange words.
The vampire flickers and vanishes for a moment.
You scratch the vampire.
The vampire is heavily damaged.
The vampire barely misses you. The vampire closely misses you.
You claw the vampire!
The vampire is almost destroyed.
The vampire draws life force from you!
* * * LOW HITPOINT WARNING * * *
The vampire is healed by the life force!
The vampire draws life force from you!
You die...

# .#
####.#
....
####.#
#h...#
#V)###
#..#
#..#
#..#
...#
##..#
....
...#


You could see a vampire (invisible).

Vanquished Creatures
  An orc knight (Bailey)
  Sigmund (D:3)
  Menkaure (D:6)
  10 orc warriors
  A sky beast (D:7)
  A black bear (D:7)
  4 ogres
  3 bullfrogs
  3 scorpions
  13 wights
  4 killer bees (D:7)
  A howler monkey (D:7)
  2 jellies
  5 hounds
  A gnoll bouda (D:6)
  8 orc priests
  An iguana (D:6)
  Terence (D:3)
  14 orc wizards
  5 gnolls
  6 adders
  A shadow imp (D:5)
  2 adder zombies (D:2)
  4 dart slugs
  2 ribbon worms
  50 orcs
  8 bats
  5 endoplasms
  3 giant cockroaches
  10 goblins
  5 hobgoblins
  7 jackals
  4 kobolds
  A quokka (D:5)
  3 ball pythons
  2 frilled lizards (D:1)
  A giant cockroach zombie (D:2)
  3 rats
197 creatures vanquished.

Notes
Turn   | Place    | Note
-------+----------+-------------------------------------------
     0 | D:1      | dialectric the Troll Shapeshifter began the quest for the
                  | Orb.
     0 | D:1      | Reached XP level 1. HP: 18/18 MP: 0/0
    42 | D:1      | Reached skill level 1 in Fighting
   121 | D:1      | Reached XP level 2. HP: 27/27 MP: 1/1
   704 | D:2      | Reached XP level 3. HP: 33/33 MP: 2/2
  1256 | D:3      | Found a basalt altar of Yredelemnul.
  1258 | D:3      | Reached XP level 4. HP: 41/41 MP: 3/3
  1363 | D:3      | Noticed Sigmund
  1373 | D:3      | Killed Sigmund
  1374 | D:3      | Reached skill level 4 in Unarmed Combat
  1374 | D:3      | Reached XP level 5. HP: 36/50 MP: 4/4
  1501 | D:3      | Noticed Terence
  1507 | D:3      | Killed Terence
  1659 | D:3      | Reached XP level 6. HP: 59/59 MP: 5/5
  2171 | D:4      | Reached XP level 7. HP: 67/67 MP: 6/6
  2245 | D:4      | Found Fickibott's Assorted Antiques.
  2256 | D:4      | Bought a scroll labelled ARALYG OMATIER for 26 gold pieces
  2510 | D:4      | Reached skill level 1 in Armour
  2622 | D:4      | Bought a scroll labelled XUAGUB NOKEAP for 26 gold pieces
  2630 | D:5      | Entered Level 5 of the Dungeon
  2670 | D:5      | Reached skill level 5 in Unarmed Combat
  3182 | D:5      | Found Keit's Lightly-Used Armoury.
  3240 | D:5      | Found a glowing silver altar of Zin.
  3240 | D:5      | Found a glowing golden altar of the Shining One.
  3241 | D:5      | Found a white marble altar of Elyvilon.
  3432 | D:5      | Reached skill level 5 in Shapeshifting
  3453 | D:6      | Reached XP level 8. HP: 70/78 MP: 5/7
  3875 | D:6      | Noticed Menkaure
  3879 | D:6      | Found a staircase to the Ecumenical Temple.
  3881 | D:6      | Killed Menkaure
  4091 | D:6      | Reached skill level 6 in Unarmed Combat
  4356 | D:6      | Reached XP level 9. HP: 82/83 MP: 8/8
  4632 | D:7      | Reached skill level 5 in Dodging
  4635 | D:7      | Found a transporter.
  4637 | D:7      | Identified the +3 trident of the Avant Garde God {vamp,
                  | rElec Dex+2}
  4637 | D:7      | Noticed Grum
  4798 | D:7      | Noticed a white ugly thing
  4800 | D:7      | Noticed a cyclops
  4800 | D:7      | Noticed a green ugly thing
  4895 | D:7      | Identified the amulet "Seorarum" {Regen+ Int+5}
  4896 | D:7      | Noticed cforsyth's ghost (novice MDNe)
  4945 | D:7      | Found a transporter.
  4979 | D:7      | Found a transporter.
  5089 | D:7      | Noticed a gargoyle
  5209 | D:8      | Found Mib Ydodd's General Store.
  5223 | D:8      | Reached skill level 5 in Fighting
  5436 | D:8      | Found a flagged portal.
  5452 | Bailey   | Entered a bailey
  5655 | Bailey   | Reached skill level 7 in Unarmed Combat
  5749 | Bailey   | Noticed an orc knight
  5794 | Bailey   | HP: 4/88 [orc knight/+0 halberd (21)]
  5807 | Bailey   | Killed an orc knight
  5808 | Bailey   | Reached skill level 5 in Armour
  5808 | Bailey   | Reached XP level 10. HP: 27/96 MP: 0/9
  5981 | D:8      | Bought a scroll of identify for 20 gold pieces
  6481 | D:9      | Killed from afar by a vampire

Illustrated notes

Levels and vault maps discovered:
D:1:      minmay_arrival_glassed_features, layout_basic, serial_bayou_lake_a
D:2:      layout_basic, serial_undead, serial_undead_c, serial_undead_d,
          serial_undead_c, serial_undead_b, serial_undead_e, serial_undead_a,
          serial_undead_f
D:3:      layout_basic, mainiacjoe_overflow_six_doors_small, bh_walls_and_bars,
          uniq_terence, uniq_sigmund
D:4:      layout_gridville, serial_shops, nicolae_shop_window_shopping,
          kennysheep_dice
D:5:      layout_basic, good_gods_mini_temple, minmay_shop_damaged,
          nicolae_zig_zag_zippers
D:6:      layout_loops_ring, minmay_temple_entry_mini_moons, st_stairs_11,
          uniq_menkaure
D:7:      gammafunk_the_bubble [the_bubble_gammafunk_crates], layout_basic,
          gammafunk_ghost_gnarly_gnolls
D:8:      layout_cave_pools, serial_shops, shop, enter_bailey_3,
          hangedman_decor_peaks_small, minmay_misc_feat_nine_boxes
D:9:      layout_basic, overflow_temple_1_default, chequers_jeans

Skill      XL: |  1  2  3  4  5  6  7  8  9 |
---------------+----------------------------+-----
Fighting       | 1 2 3 4 5 |  5.5
Dodging        | 2 3 4 5 |  5.7
Unarmed Combat | 4 5 6 7 |  7.7
Shapeshifting  | 4 5 6 |  6.8
Armour         | 1 3 5 |  5.1

Action                     |  1- 3 |  4- 6 |  7- 9 | 10-12 || total
---------------------------+-------+-------+-------+-------++-------
  Melee: Unarmed           |    67 |    66 |   290 |    38 ||   461
         Punch             |     1 |     3 |    10 |     1 ||    15
  Throw: Dart              |       |       |    16 |     1 ||    17
  Evoke: Wand              |       |       |    20 |     3 ||    23
    Use: Potion            |       |     1 |     6 |     2 ||     9
         Scroll            |       |       |     8 |     2 ||    10
   Stab: Sleeping          |     3 |       |     1 |       ||     4
 Armour: Animal skin       |    28 |    39 |   270 |    28 ||   365
         Skin              |       |     4 |       |       ||     4
  Dodge: Dodged            |    25 |    35 |   193 |    20 ||   273

Table legend: (Time is in decaauts)
 A = Elapsed time spent in this place.
 B = Non-inter-level travel time spent in this place.
 C = Inter-level travel time spent in this place.
 D = Time resting spent in this place.
 E = Time spent auto-exploring this place.
 F = Levels seen in this place.
 G = Mean time per level.
                   A        B        C        D        E       F      G
               +--------+--------+--------+--------+--------+-----+--------+
         Total |   6442 |   6148 |    294 |    300 |   4181 |  10 |  644.2 |
       Dungeon |   5951 |   5657 |    294 |    293 |   3964 |   9 |  661.2 |
        Bailey |    490 |    490 |      0 |      7 |    217 |   1 |  490.0 |
               +--------+--------+--------+--------+--------+-----+--------+

Top non-repeatable levels by time:
     D:5: 918 daAuts
     D:6: 917 daAuts
     D:3: 783 daAuts
     D:8: 697 daAuts
     D:4: 667 daAuts
     D:7: 666 daAuts
     D:2: 614 daAuts
     D:1: 551 daAuts
  Bailey: 490 daAuts
     D:9: 133 daAuts
